 Dungeon Crawl Stone Soup version 0.30-a0-509-gd016549fea (webtiles) character file.

Game seed: 8826681295359163350

113 avis the Stinger (level 4, 0/39 HPs)
             Began as a Naga Venom Mage on Dec 22, 2022.
             Slain by a quokka (5 damage)
             ... on level 3 of the Dungeon.
             The game lasted 00:14:47 (1959 turns).

avis the Stinger (Naga Venom Mage)                  Turns: 1959, Time: 00:14:48

Health: 0/39       AC:  2    Str: 11    XL:     4   Next: 96%
Magic:  1/7        EV:  9    Int: 17    God:
Gold:   108        SH:  0    Dex: 11    Spells: 1/7 levels left

rFire   . . .      SeeInvis +    d - +3 dagger (venom)
rCold   . . .      Faith    .    (no shield)
rNeg    . . .      Spirit   .    a - +0 robe
rPois   +          Reflect  .    (no helmet)
rElec   .          Harm     .    (no cloak)
rCorr   .          Rampage  .    (no gloves)
Will    .....                    (no barding)
Stlth   ++........               (no amulet)
HPRegen 0.26/turn                (no ring)
MPRegen 0.10/turn                (no ring)

@: very slow
A: AC +1, large, see invisible, deformed body, poison resistance, slowness 2,
spit poison 1, naga tail 1
a: Spit Poison


You were on level 3 of the Dungeon.
You visited 1 branch of the dungeon, and saw 3 of its levels.

You collected 108 gold pieces.

Inventory:

Hand Weapons
 d - a +3 dagger of venom (weapon)
Missiles
 p - 2 poisoned darts
Armour
 a - a +0 robe (worn)
Magical Staves
 j - a staff of earth
 n - a staff of earth
Jewellery
 v - a ring of ice
Scrolls
 e - 2 scrolls of identify {unknown}
 f - a scroll of noise {unknown}
 h - a scroll of enchant armour {unknown}
 k - 2 scrolls of fog {unknown}
 m - a scroll of immolation {unknown}
 q - a scroll of magic mapping {unknown}
 t - a scroll of fear {unknown}
 u - a scroll of blinking {unknown}
Potions
 b - 2 potions of magic
 c - 3 potions of curing {unknown}
 g - 2 potions of invisibility {unknown}
 i - a potion of haste {unknown}
 l - 3 potions of might {unknown}
 o - 2 potions of attraction {unknown}
 r - a potion of lignification {unknown}
 s - a potion of flight {unknown}


   Skills:
 - Level 2.0 Fighting
 - Level 1.5 Dodging
 - Level 3.0 Stealth
 - Level 2.0 Spellcasting
 - Level 1.0 Transmutations
 * Level 1.7 Air Magic
 - Level 6.0 Poison Magic


You had one spell level left.
You knew the following spells:

 Your Spells              Type           Power      Damage    Failure   Level
a - Sting                 Tmut/Pois      52%        1d5       4%          1
i - Poisonous Vapours     Pois/Air       28%        N/A       6%          2
m - Mephitic Cloud        Conj/Pois/Air  10%        N/A       21%         3

Your spell library contained the following spells:

 Spells                   Type           Power      Damage    Failure   Level
 Olgreb's Toxic Radiance  Pois           22%        N/A       16%         4


Dungeon Overview and Level Annotations

Branches:
Dungeon (3/15)

Altars:


Innate Abilities, Weirdness & Mutations

Your serpentine skin is tough. (AC +1)
You have supernaturally acute eyesight. (SInv)
Armour fits poorly on your strangely shaped body.
Your system is resistant to poisons. (rPois)
You cover ground very slowly.
You can spit poison.
You have a snake-like lower body.


Message History

Your magical contamination has completely faded away.
Aiming: Spit Poison (1% risk of failure)
Press: ? - help, Shift-Dir - straight line, f - Ijyb
Aim: Ijyb, wielding a +0 club and wearing a +0 leather armour (confused, 81% to hit)
The splash of poison hits Ijyb!
Ijyb is poisoned.
Ijyb is moderately wounded.
The goblin hits Ijyb but does no damage.
Ijyb hits the goblin with a +0 club.
The goblin is killed!
Ijyb closely misses herself.
A quokka comes into view.
You hit Ijyb but do no damage.
Ijyb looks even sicker.
Ijyb is moderately wounded.
The goblin hits you with a +0 club.
You catch the helpless Ijyb completely off-guard!
You puncture Ijyb!
Ijyb looks as sick as possible!
Ijyb is severely wounded.
Ijyb hits you with a +0 club.
* * * LOW HITPOINT WARNING * * *
Ijyb hits herself but does no damage.
The goblin barely misses you.
You hit the goblin.
The goblin is poisoned.
The goblin is heavily wounded.
You kill the goblin!
You hit Ijyb but do no damage.
Ijyb looks as sick as possible!
Ijyb is severely wounded.
You strike the helpless Ijyb from behind!
You hit Ijyb.
You kill Ijyb!
You have got your breath back.
Your Air Magic skill increases to level 1!
You hit the quokka.
The quokka is severely wounded.
The quokka bites you.
* * * LOW HITPOINT WARNING * * *
You closely miss the quokka.
The quokka is severely wounded.
The quokka barely misses you.
The quokka twitches its whiskers.
The quokka bites you.
You die...

#.#
#..........#
#.#
#.........?#
#<#
#..........#
#.#
#....(....?#
###
#..........#
#).8.8.8.8.#
#.)#########
#r# #@#
..#......#
.8.####..#
#..# #..#
#..# ....
....


You could see a quokka.

Vanquished Creatures
  Ijyb (D:3)
  Terence (D:2)
  2 adders (D:2)
  A worm (D:2)
  2 dart slugs (D:1)
  2 bats
  4 endoplasms
  10 goblins
  3 hobgoblins (D:1)
  A quokka (D:1)
  6 ball pythons
  4 kobolds
  2 rats
39 creatures vanquished.

Notes
Turn   | Place    | Note
-------+----------+-------------------------------------------
     0 | D:1      | avis the Naga Venom Mage began the quest for the Orb.
     0 | D:1      | Reached XP level 1. HP: 15/15 MP: 3/3
   113 | D:1      | Reached XP level 2. HP: 22/22 MP: 5/5
   177 | D:1      | Reached skill level 5 in Poison Magic
   485 | D:1      | Reached skill level 1 in Fighting
   489 | D:1      | Learned a level 2 spell: Poisonous Vapours
   691 | D:1      | Reached XP level 3. HP: 31/31 MP: 3/6
  1147 | D:2      | Noticed Terence
  1158 | D:2      | Killed Terence
  1159 | D:2      | Reached skill level 6 in Poison Magic
  1159 | D:2      | Reached XP level 4. HP: 34/38 MP: 1/7
  1852 | D:2      | Learned a level 3 spell: Mephitic Cloud
  1934 | D:3      | Noticed Ijyb
  1957 | D:3      | Killed Ijyb
  1958 | D:3      | Reached skill level 1 in Air Magic
  1959 | D:3      | Slain by a quokka

Illustrated notes

Levels and vault maps discovered:
D:1:      dpeg_arrival_long_road, layout_basic
D:2:      layout_loops_ring, uniq_terence
D:3:      kennysheep_the_goblin_king, layout_loops_ring,
          nicolae_overflow_hidden_temple, gammafunk_ghost_smash, st_stairs_5,
          minmay_quantized

Skill      XL: |  1  2  3  4 |
---------------+-------------+-----
Poison Magic   | 5 6 |  6.0
Fighting       | 1 2 |  2.0
Air Magic      | 1 |  1.7
Dodging        | |  1.5
Stealth        | |  3.0
Spellcasting   | |  2.0
Transmutations | |  1.0

Action                   |  1- 3 |  4- 6 || total
-------------------------+-------+-------++-------
Melee: Dagger            |    19 |    22 ||    41
 Cast: Sting             |    17 |     5 ||    22
       Poisonous Vapours |     5 |     4 ||     9
       Mephitic Cloud    |       |     1 ||     1
 Abil: Spit Poison       |    17 |     8 ||    25
 Stab: Confused          |       |     2 ||     2
Armor: Robe              |       |     2 ||     2
Dodge: Dodged            |     6 |     8 ||    14

Table legend: (Time is in decaauts)
 A = Elapsed time spent in this place.
 B = Non-inter-level travel time spent in this place.
 C = Inter-level travel time spent in this place.
 D = Time resting spent in this place.
 E = Time spent auto-exploring this place.
 F = Levels seen in this place.
 G = Mean time per level.
                   A        B        C        D        E       F      G
               +--------+--------+--------+--------+--------+-----+--------+
         Total |   2419 |   2174 |    245 |    542 |   1126 |   3 |  806.3 |
       Dungeon |   2419 |   2174 |    245 |    542 |   1126 |   3 |  806.3 |
               +--------+--------+--------+--------+--------+-----+--------+

Top non-repeatable levels by time:
     D:1: 1381 daAuts
     D:2: 999 daAuts
     D:3: 38 daAuts
